 Dungeon Crawl Stone Soup version 0.27.1-34-g3ba077fa99 (webtiles) character file.

Game seed: 10776634280553525771

144 Akaron the Chopper (level 5, -1/47 HPs)
             Began as a Hill Orc Monk on Jan 22, 2022.
             Slain by a gnoll (3 damage)
             ... on level 3 of the Dungeon.
             The game lasted 00:06:08 (3764 turns).

Akaron the Chopper (Hill Orc Monk)                  Turns: 3764, Time: 00:06:08

Health: -1/47      AC:  3    Str: 15    XL:     5   Next: 27%
Magic:  5/5        EV: 12    Int: 10    God:
Gold:   68         SH:  3    Dex: 13    Spells: 4/4 levels left

rFire    x . .     SeeInvis .   a - +0 hand axe
rCold    + . .     Faith    .   i - +0 buckler
rNeg     . . .     Spirit   .   b - +0 robe
rPois    .         Reflect  .   (no helmet)
rElec    .         Harm     .   (no cloak)
rCorr    .         Rampage  .   n - +0 pair of gloves
Will     .....                  (no boots)
Stlth    ++........             (no amulet)
HPRegen  0.15/turn              d - ring of ice
MPRegen  0.09/turn              (no ring)

@: no status effects
A: no striking features
a: no special abilities


You were on level 3 of the Dungeon.
You visited 1 branch of the dungeon, and saw 3 of its levels.

You collected 68 gold pieces.

Inventory:

Hand Weapons
 a - a +0 hand axe (weapon)
Armour
 b - a +0 robe (worn)
 i - a +0 buckler (worn)
 n - a +0 pair of gloves (worn)
Jewellery
 d - a ring of ice (left hand)
Scrolls
 e - 2 scrolls of fog {unknown}
 f - a scroll of acquirement {unknown}
 j - 2 scrolls of enchant weapon {unknown}
 k - a scroll of blinking {unknown}
 l - a scroll of vulnerability {unknown}
 m - a scroll of teleportation {unknown}
Potions
 c - 3 potions of flight {unknown}
 g - a potion of magic {unknown}
 h - a potion of resistance {unknown}
 o - a potion of mutation {unknown}


   Skills:
 + Level 4.4 Fighting
 + Level 5.8 Axes
 + Level 3.1 Dodging
 + Level 2.2 Stealth
 + Level 0.2 Shields


You had 4 spell levels left.
You didn't know any spells.
Your spell library contained the following spells:

 Spells                   Type           Power      Damage    Failure   Level
 Animate Dead             Necr           0%         N/A       99%         4
 Haunt                    Necr/Summ      0%         N/A       100%        7
 Infestation              Necr           0%         N/A       100%        8


Dungeon Overview and Level Annotations

Branches:
Dungeon (3/15)

Altars:

Shops:
D:1 [(*?


Message History

You closely miss the gnoll.
The gnoll is moderately wounded.
You barely miss the gnoll. The gnoll barely misses you.
You block the gnoll's attack. The gnoll barely misses you.
You hit the gnoll.
The gnoll is severely wounded.
You barely miss the gnoll. You block the gnoll's attack.
The gnoll hits you from afar with a +0 spear.
The gnoll barely misses you. The gnoll hits you with a +0 spear.
You hit the gnoll.
You kill the gnoll!
You hit the gnoll but do no damage. The gnoll completely misses you.
The gnoll hits you with a +0 club.
You hit the gnoll.
The gnoll is moderately wounded.
The gnoll hits you from afar with a +0 spear!
The gnoll closely misses you.
The gnoll hits you from afar with a +0 spear.
You barely miss the gnoll.
The gnoll is moderately wounded.
The gnoll closely misses you.
The gnoll hits you from afar with a +0 spear.
* * * LOW HITPOINT WARNING * * *
The gnoll misses you.
You barely miss the gnoll.
The gnoll is moderately wounded.
The gnoll hits you from afar with a +0 spear.
* * * LOW HITPOINT WARNING * * *
The gnoll hits you with a +0 club.
* * * LOW HITPOINT WARNING * * *
You hit the gnoll but do no damage.
The gnoll is moderately wounded.
The gnoll hits you from afar with a +0 spear.
* * * LOW HITPOINT WARNING * * *
The gnoll hits you with a +0 club.
* * * LOW HITPOINT WARNING * * *
You hit the gnoll.
The gnoll is severely wounded.
The gnoll hits you from afar with a +0 spear.
You die...

#.# ##############.#
#............#.##
#.##########....####
#.# #........ #.#
##...#### #.###
##.## #...# #.#
#.g@# #.# #..)# #+#
##g## #.# ... #.##
.. ##. #.


You could see 2 gnolls.

Vanquished Creatures
  A hound (D:3)
  4 adders
  A gnoll (D:3)
  2 worms
  An orc (D:3)
  3 endoplasms
  4 giant cockroaches
  10 goblins
  7 hobgoblins
  4 jackals (D:1)
  7 kobolds
  5 ball pythons
  4 bats
  A frilled lizard (D:3)
  7 rats
61 creatures vanquished.

Notes
Turn   | Place    | Note
-------+----------+-------------------------------------------
     0 | D:1      | Akaron the Hill Orc Monk began the quest for the Orb.
     0 | D:1      | Reached XP level 1. HP: 19/19 MP: 1/1
    38 | D:1      | Found Xanew's Weapon Emporium.
   281 | D:1      | Reached XP level 2. HP: 24/27 MP: 2/2
   414 | D:1      | Found Vebouk's Magic Scroll Boutique.
   668 | D:1      | Found Kuroul's Armour Shoppe.
   680 | D:1      | Reached XP level 3. HP: 23/33 MP: 3/3
  1654 | D:1      | Found Anal's Assorted Antiques.
  2274 | D:2      | Reached XP level 4. HP: 27/40 MP: 4/4
  2645 | D:2      | Reached skill level 5 in Axes
  3290 | D:3      | Reached XP level 5. HP: 29/47 MP: 5/5
  3763 | D:3      | HP: 1/47 [gnoll (2)]
  3764 | D:3      | Slain by a gnoll

Illustrated notes

Levels and vault maps discovered:
D:1:      sevenhm_arrival_forest_fort_small_6, layout_loops_ring, serial_shops,
          nicolae_shop_crystal, shop, shop, nicolae_lakefront_shop
D:2:      layout_loops_ring
D:3:      minmay_thinvault, layout_loops_corners

Skill      XL: |  1  2  3  4 |
---------------+-------------+-----
Fighting       | 4 |  4.4
Dodging        | 3 |  3.1
Axes           | 5 |  5.8
Stealth        | 2 |  2.2
Shields        | |  0.2

Action                   |  1- 3 |  4- 6 || total
-------------------------+-------+-------++-------
Melee: Hand axe          |   131 |   100 ||   231
 Stab: Sleeping          |     4 |     4 ||     8
Armor: Robe              |    26 |    25 ||    51
Dodge: Dodged            |    84 |    72 ||   156
Block: Buckler           |     1 |    18 ||    19
